 Dungeon Crawl Stone Soup version 0.29-a0-504-gec6baf379c (webtiles) character file.

Game seed: 16120530547449784001

26 Morbidden the Vexing (level 2, 0/18 HPs)
             Began as a Vampire Enchanter on May 28, 2022.
             Was a Follower of Cheibriados.
             Slain by a ball python (2 damage)
             ... on level 2 of the Dungeon.
             The game lasted 00:01:04 (983 turns).

Morbidden the Vexing (Vampire Enchanter)             Turns: 983, Time: 00:01:05

Health: 0/18       AC:  2    Str: 10    XL:     2   Next: 89%
Magic:  5/5        EV: 12    Int: 20    God:    Cheibriados [*.....]
Gold:   26         SH:  0    Dex: 17    Spells: 5/5 levels left

rFire   . . .      SeeInvis +   a - +1 dagger
rCold   . . .      Faith    .   (no shield)
rNeg    . . .      Spirit   .   b - +0 robe
rPois   .          Reflect  .   (no helmet)
rElec   .          Harm     .   (no cloak)
rCorr   .          Rampage  .   (no gloves)
Will    .....                   (no boots)
Stlth   +++.......              (no amulet)
HPRegen 0.26/turn               (no ring)
MPRegen 0.09/turn               (no ring)

@: healing quickly, very slow
A: alive, fangs 3, see invisible, vampiric 1, [frail 1]
a: Exsanguinate, Renounce Religion, Bend Time


You were on level 2 of the Dungeon.
You worshipped Cheibriados.
Cheibriados was aware of your devotion.
You visited 1 branch of the dungeon, and saw 2 of its levels.

You collected 26 gold pieces.

Inventory:

Hand Weapons
 a - a +1 dagger (weapon)
Armour
 b - a +0 robe (worn)
Scrolls
 d - 3 scrolls of torment {unknown}
 e - a scroll of blinking {unknown}
 f - a scroll of identify {unknown}
 h - a scroll of enchant weapon {unknown}
Potions
 c - 2 potions of invisibility
 g - a potion of curing {unknown}
 i - 2 potions of attraction {unknown}


   Skills:
 * Level 0.4 Fighting
 * Level 1.4 Short Blades
 * Level 2.3 Dodging
 + Level 4.9 Stealth
 * Level 2.1 Spellcasting
 * Level 5.0 Hexes


You had 5 spell levels left.
You didn't know any spells.
Your spell library contained the following spells:

 Spells                   Type           Power      Damage    Failure   Level
 Confusing Touch          Hex            22%        N/A       6%          3
 Tukima's Dance           Hex            22%        N/A       6%          3
 Ensorcelled Hibernation  Hex/Ice        24%        N/A       9%          2
 Dazzling Flash           Conj/Hex       24%        N/A       17%         3


Dungeon Overview and Level Annotations

Branches:
Dungeon (2/15)

Altars:
Cheibriados

Shops:
D:1 [


Innate Abilities, Weirdness & Mutations

Your natural rate of healing is accelerated.
You have razor-sharp teeth.
You have supernaturally acute eyesight. (SInv)
You are afflicted with vampirism.
[You are frail. (-10% HP)]


Message History

The endoplasm is moderately wounded.
The bat hits you but does no damage.
The endoplasm hits you but does no damage.
You hit the bat but do no damage.
The bat is moderately wounded.
The bat completely misses you. The endoplasm misses you.
Unknown command.
You completely miss the endoplasm. You bite the endoplasm.
The endoplasm is almost dead.
The bat closely misses you. The endoplasm freezes you.
You are frozen.
An endoplasm comes into view.
The hobgoblin hits you.
You are too injured to fight recklessly!
Unknown command.
You are too injured to fight recklessly!
Unknown command.
You are too injured to fight recklessly!
Unknown command.
You are too injured to fight recklessly!
Unknown command.
The endoplasm attacks as you move away! The endoplasm hits you.
The bat closely misses you.
The hobgoblin hits you but does no damage.
The ball python attacks as you move away!
The ball python barely misses you. x2; The ball python closely misses you.
The bat barely misses you. The endoplasm freezes you.
You are frozen.
* * * LOW HITPOINT WARNING * * *
The endoplasm attacks as you move away! The endoplasm hits you.
* * * LOW HITPOINT WARNING * * *
The bat hits you but does no damage. The bat hits you.
* * * LOW HITPOINT WARNING * * *
The bat closely misses you. The ball python bites you.
* * * LOW HITPOINT WARNING * * *
The ball python barely misses you. The bat barely misses you.
The ball python bites you.
You die...

#.########
#......@b# #.
########S#####..(
#.g........
#..........
#..........
#..†.......
#..........
#....J.....
#.........#


You could see an endoplasm (wandering), a hobgoblin, a bat and a ball python.

Vanquished Creatures
  A dart slug (D:1)
  8 ball pythons (D:1)
  2 bats (D:1)
  2 giant cockroaches (D:1)
  2 goblins (D:1)
  A hobgoblin (D:1)
  2 quokkas (D:1)
  A frilled lizard (D:1)
  3 rats
22 creatures vanquished.

Notes
Turn   | Place    | Note
-------+----------+-------------------------------------------
     0 | D:1      | Morbidden the Vampire Enchanter began the quest for the
                  | Orb.
     0 | D:1      | Reached XP level 1. HP: 13/13 MP: 3/3
   172 | D:1      | Reached XP level 2. HP: 11/19 MP: 5/5
   175 | D:1      | Found a faded altar of an unknown god.
   182 | D:1      | Prayed at the altar of an unknown god.
   182 | D:1      | Became a worshipper of Cheibriados the Contemplative
   182 | D:1      | Reached * piety under Cheibriados
   467 | D:1      | Found Keikuv's Armour Shop.
   528 | D:1      | Reached skill level 5 in Hexes
   983 | D:2      | Slain by a ball python

Illustrated notes

Levels and vault maps discovered:
D:1:      ncdulo_watergridlock, layout_basic,
          dilly_ecumenical_altar_fadedgnrine, serial_shops,
          nicolae_shop_crystal, minmay_tromino_i2
D:2:      layout_basic, serial_aquarium, aquarium_bridge_square
          [aquarium_subvault_balcony, aquarium_subvault_window,
          aquarium_subvault_window, aquarium_subvault_bridge],
          aquarium_bridge_straight [aquarium_subvault_bridge,
          aquarium_subvault_wall, aquarium_subvault_bridge,
          aquarium_subvault_window], aquarium_window_corner,
          aquarium_window_fake, aquarium_window_2, aquarium_view_2b,
          aquarium_view_2c, aquarium_balcony_1b, serial_shops, shop, uniq_robin

Skill      XL: |  1  2 |
---------------+-------+-----
Hexes          | 5 |  5.0
Fighting       | |  0.4
Short Blades   | |  1.4
Dodging        | |  2.3
Stealth        | |  4.9
Spellcasting   | |  2.1

Action                   || total
-------------------------++-------
Melee: Dagger            ||    60
       Bite              ||     5
 Abil: Exsanguinate      ||     1
       Revivify          ||     1
 Stab: Sleeping          ||     7
Armor: Robe              ||     9
Dodge: Dodged            ||    49

Table legend: (Time is in decaauts)
 A = Elapsed time spent in this place.
 B = Non-inter-level travel time spent in this place.
 C = Inter-level travel time spent in this place.
 D = Time resting spent in this place.
 E = Time spent auto-exploring this place.
 F = Levels seen in this place.
 G = Mean time per level.
                   A        B        C        D        E       F      G
               +--------+--------+--------+--------+--------+-----+--------+
         Total |   1258 |   1243 |     15 |      0 |   1039 |   2 |  629.0 |
       Dungeon |   1258 |   1243 |     15 |      0 |   1039 |   2 |  629.0 |
               +--------+--------+--------+--------+--------+-----+--------+

Top non-repeatable levels by time:
     D:1: 1243 daAuts
     D:2: 15 daAuts
